 Dungeon Sprint DCSS version 0.17-a0-1939-ga475588 (webtiles) character file.

1173 KambridgeKobold the Unseen (level 8, 0/43 HPs)
             Began as a Spriggan Assassin on Sept 29, 2015.
             Was a Follower of Fedhas.
             Slain by a demonic crawler (11 damage)
             ... in the Dungeon (Sprint I: "Red Sonja").
             The game lasted 00:05:36 (911 turns).

KambridgeKobold the Unseen (Spriggan Assassin)       Turns: 911, Time: 00:05:37

Health: 0/43       AC:  4    Str:  8      XL:     8   Next: 18%
Magic:  13/13      EV: 25    Int: 12      God:    Fedhas [*.....]
Gold:   197        SH:  0    Dex: 18 (19) Spells: 0 memorised, 7 levels left

rFire  . . .     SeeInvis +     i - +2 dagger (holy)
rCold  . . .     Clarity  .     o - +1 robe {MR+}
rNeg   . . .     SustAt   .     (shield restricted)
rPois  .         Gourm    .     (helmet restricted)
rElec  .         Spirit   .     d - +0 cloak
rCorr  .         Warding  .     (gloves unavailable)
rMut   .         NoTele   +     (boots unavailable)
MR     ++...                    (no amulet)
Stlth  ++++++++..               (no ring)
                                (no ring)

@: very quick, very resistant to hostile enchantments, extraordinarily stealthy
A: unfitting armour, see invisible, herbivore 3, speed 3, slow metabolism 2
a: Evolution, Renounce Religion


You were in the Dungeon.
You worshipped Fedhas.
Fedhas was aware of your devotion.
You were not hungry.

You visited 1 branch You collected 405 gold pieces.
You spent 208 gold pieces at shops.

Inventory:

Hand weapons
 a - a +2 dagger
 b - a +0 blowgun
 i - a +2 dagger of holy wrath (weapon)
Missiles
 e - 8 poisoned needles
 f - 2 curare-tipped needles
 p - 30 stones (quivered)
Armour
 c - a +0 robe
 d - a +0 cloak (worn)
 o - a +1 robe of magic resistance (worn)
Scrolls
 m - a scroll of blinking
Potions
 h - 3 potions of curing
 j - a potion of haste
 k - 2 potions of magic
 l - a potion of berserk rage
 n - a potion of degeneration {unknown}
 q - a potion of resistance
Comestibles
 g - a bread ration


   Skills:
 - Level 5.0 Fighting
 - Level 10.5 Short Blades
 - Level 2.1 Throwing
 + Level 8.8 Dodging
 + Level 17.4 Stealth
 + Level 5.6 Invocations


You had 7 spell levels left.
You didn't know any spells.

Dungeon Overview and Level Annotations

Branches:
Dungeon (1/1)

Altars:
Cheibriados
Dithmenos
Elyvilon
Fedhas
Gozag
Kikubaaqudgha
Makhleb
Nemelex Xobeh
Okawaru
Qazlal
Ru
Sif Muna
Trog
Vehumet
Xom
Yredelemnul
Zin
The Shining One
Jiyva

Shops:
D *


Innate Abilities, Weirdness & Mutations

You are tiny and cannot use many weapons and most armour.
You have supernaturally acute eyesight.
You are a herbivore.
You cover ground extremely quickly.
You need consume almost no food.


Message History

You hit the demonic crawler but do no damage.
The demonic crawler is lightly wounded.
The demonic crawler hits you. The demonic crawler closely misses you.
The demonic crawler hits you.
* * * LOW HITPOINT WARNING * * *
You hit the demonic crawler but do no damage.
The demonic crawler is lightly wounded.
The demonic crawler closely misses you. The demonic crawler misses you.
The demonic crawler closely misses you.
You hit the demonic crawler but do no damage.
The demonic crawler is lightly wounded.
You hit the demonic crawler but do no damage.
The demonic crawler is lightly wounded.
The demonic crawler closely misses you. The demonic crawler barely misses you.
The demonic crawler misses you.
You hit the demonic crawler but do no damage.
The demonic crawler is lightly wounded.
The demonic crawler hits you!
You die...
Fedhas appreciates your contribution to the ecosystem.

##################
.#.)'..#__#..'...#
.+..#).'..'..#...##+#
'#####[#__####..@sss#
.#...#(#### #####s.+
##..##)# ##
_##'#..+≈§≈§§
..'..._#≈§§§c
_##_.#'##+# _###+#.#
## ###


You could see 4 demonic crawlers.

Vanquished Creatures
  2 kobold demonologists (D)
  A slime creature (D)
  Sigmund (D)
  A yak (D)
  An ogre (D)
  A jelly (D)
  Ijyb (D)
  A giant eyeball (D)
9 creatures vanquished.

Vanquished Creatures (others)
  A wasp (D)
  8 toadstools (D)
9 creatures vanquished.

Grand Total: 18 creatures vanquished

Notes
Turn   | Place    | Note
--------------------------------------------------------------
     0 | D        | KambridgeKobold the Spriggan Assassin began the quest for the Orb.
     0 | D        | Reached XP level 1. HP: 10/10 MP: 2/2
     1 | D        | Noticed Ijyb
     4 | D        | Killed Ijyb
     4 | D        | Reached skill level 6 in Dodging
     4 | D        | Reached skill level 8 in Stealth
     4 | D        | Reached XP level 2. HP: 14/14 MP: 3/3
     6 | D        | Noticed an ogre
    26 | D        | Killed an ogre
    26 | D        | Reached skill level 11 in Stealth
    26 | D        | Reached XP level 3. HP: 16/21 MP: 4/4
    26 | D        | Reached XP level 4. HP: 19/26 MP: 5/5
   123 | D        | Noticed Sigmund
   126 | D        | Killed Sigmund
   126 | D        | Reached skill level 14 in Stealth
   126 | D        | Reached XP level 5. HP: 30/30 MP: 6/6
   126 | D        | Reached XP level 6. HP: 34/34 MP: 7/7
   150 | D        | Found a snail-covered altar of Cheibriados.
   150 | D        | Found a viscous altar of Jiyva.
   150 | D        | Found a shadowy altar of Dithmenos.
   150 | D        | Found a blossoming altar of Fedhas.
   150 | D        | Noticed a slime creature
   153 | D        | Killed a slime creature
   153 | D        | Reached skill level 15 in Stealth
   155 | D        | Became a worshipper of Fedhas Madash
   158 | D        | Found a deep blue altar of Sif Muna.
   158 | D        | Noticed a jelly
   160 | D        | Found a radiant altar of Vehumet.
   164 | D        | Killed a jelly
   164 | D        | Reached skill level 16 in Stealth
   178 | D        | Found Kucy's General Store.
   178 | D        | Found a white marble altar of Elyvilon.
   178 | D        | Found a stormy altar of Qazlal.
   178 | D        | Found a basalt altar of Yredelemnul.
   178 | D        | Found an iron altar of Okawaru.
   178 | D        | Found a sparkling altar of Nemelex Xobeh.
   178 | D        | Found a shimmering altar of Xom.
   178 | D        | Found an ancient bone altar of Kikubaaqudgha.
   178 | D        | Noticed a yak
   183 | D        | Found a burning altar of Makhleb.
   183 | D        | Found a sacrificial altar of Ru.
   183 | D        | Found an opulent altar of Gozag.
   214 | D        | Killed a yak
   214 | D        | Reached skill level 5 in Fighting
   214 | D        | Reached XP level 7. HP: 15/39 MP: 7/9
   216 | D        | Acquired Fedhas's first power
   253 | D        | Found a glowing golden altar of the Shining One.
   253 | D        | Found a glowing silver altar of Zin.
   255 | D        | Found a bloodstained altar of Trog.
   259 | D        | Bought 2 potions of curing for 78 gold pieces
   259 | D        | Bought a potion of resistance for 130 gold pieces
   424 | D        | Noticed a kobold demonologist
   425 | D        | Noticed a kobold demonologist
   435 | D        | Noticed a sun demon
   512 | D        | Noticed a blue devil
   523 | D        | Noticed a red devil
   523 | D        | Killed a wasp
   535 | D        | Killed a kobold demonologist
   535 | D        | Reached skill level 10 in Short Blades
   536 | D        | Noticed a hellwing
   536 | D        | Noticed a smoke demon
   572 | D        | Killed a kobold demonologist
   572 | D        | Reached skill level 17 in Stealth
   572 | D        | Reached skill level 5 in Invocations
   572 | D        | Reached XP level 8. HP: 3/43 MP: 11/13
   876 | D        | Noticed a centaur warrior
   890 | D        | Noticed a demonic crawler
   890 | D        | Noticed a demonic crawler
   890 | D        | Noticed a demonic crawler
   890 | D        | Noticed a demonic crawler
   911 | D        | Slain by a demonic crawler

Vault maps used:
D:        dungeon_sprint_1

Action                   |  1- 3 |  4- 6 |  7- 9 || total
-------------------------+-------+-------+-------++-------
Melee: Dagger            |     1 |     8 |   111 ||   120
 Fire: Blowgun           |     5 |     6 |       ||    11
  Use: Potion            |       |       |     1 ||     1
 Stab: Sleeping          |     1 |     3 |     1 ||     5
